AoeStats
← AKI :D

Pilgrims

510102306Analyzed
2v2 RM · 4d ago on Sep 29, 2026· 32m 3s· 4 players
Game mode
Random Map
Map size
Medium (4 player)
Population
200
Speed
Normal
Resources
Standard
Victory
Conquest
Starting age
Dark Age
Ending age
Imperial Age
RankedLock teamsTeams togetherTeam positionsShared explorationLock speedFull tech treeHidden civsTurbo modeCheats
Victory
Defeat
🇪🇸 Spanish · Spain
1180
+15
🇨🇿 Varangians · Czechia
1162
+15
🇫🇮 Magyars · Finland
1150
-15
🇦🇷 Malay · Argentina
1145
-15
ARQUVICII ◢ ◤
7:05 Loom
10:34 Feudal Age
10:12 Double-Bit Axe
12:11 Gold Mining
16:02 Castle Age
AKI :D
8:07 Loom
10:25 Feudal Age
11:29 Double-Bit Axe
16:46 Castle Age
18:17 Bloodlines
18:01 Fletching
18:43 Bodkin Arrow
18:42 Gold Mining
20:33 Thumb Ring
23:29 Wheelbarrow
24:28 Husbandry
26:07 Horse Collar
Trulynoob
3:19 Loom
10:51 Feudal Age
11:17 Double-Bit Axe
15:52 Castle Age
22:58 Fletching
25:35 Bow Saw
26:21 Husbandry
27:24 Fishing Lines
28:39 Inquisition
29:47 Redemption
pavifa
6:02 Loom
12:12 Feudal Age
14:01 Double-Bit Axe
17:58 Fishing Lines
22:09 Castle Age
20:47 Wheelbarrow
19:57 Town Watch
20:19 Fletching
22:01 Stone Mining
23:13 Gillnets
25:26 Hand Cart
25:37 Hand Cart
25:23 Town Patrol
25:41 Bow Saw
25:44 Medium Warships
25:32 Bodkin Arrow
25:02 Elite Skirmisher
Connection lost

Rejoining the realm…

Still unreachable

The connection could not be restored.

Session expired

The server has moved on; the page needs a fresh start.